AoeStats
← Skerlitz

Arena

509966227Analyzed
3v3 RM · 4d ago on Sep 28, 2026· 76m 25s· 6 players
Game mode
Random Map
Map size
Normal (6 player)
Population
200
Speed
Normal
Resources
Standard
Victory
Conquest
Starting age
Dark Age
Ending age
Imperial Age
RankedLock teamsTeams togetherTeam positionsShared explorationLock speedFull tech treeHidden civsTurbo modeCheats
Victory
Defeat
🇪🇸 Slavs · Spain
1032
+15
🇹🇷 Japanese · Türkiye
1020
+16
🇺🇸 Maya · United States
1011
+16
🇫🇷 Spanish · France
1059
-18
🇩🇿 Britons · Algeria
1019
-16
🇩🇿 Aztecs · Algeria
956
-13
Obi_Wan_Kenobi
9:28 Loom
11:16 Feudal Age
13:01 Horse Collar
13:07 Double-Bit Axe
14:55 Wheelbarrow
18:00 Castle Age
17:17 Stone Mining
21:43 Gold Mining
30:57 Imperial Age
32:02 Ballistics
31:44 Padded Archer Armor
31:34 Fletching
32:15 Bloodlines
32:07 Husbandry
31:28 Cavalier
32:52 Conscription
32:51 Elite Skirmisher
35:35 Bow Saw
36:30 Leather Archer Armor
36:11 Bodkin Arrow
37:18 Chemistry
36:16 Paladin
37:15 Scale Barding Armor
37:21 Forging
37:42 Ring Archer Armor
41:07 Chain Barding Armor
41:23 Iron Casting
40:50 Bracer
46:21 Thumb Ring
46:56 Plate Barding Armor
47:21 Blast Furnace
51:41 Light Cavalry
53:14 Hussar
59:07 Heavy Plow
joe_ten
12:03 Feudal Age
14:06 Double-Bit Axe
17:14 Castle Age
22:14 Wheelbarrow
23:46 Fletching
24:58 Yeomen
26:04 Bodkin Arrow
26:10 Padded Archer Armor
27:31 Horse Collar
28:09 Bow Saw
28:31 Hand Cart
28:47 Ballistics
29:05 Leather Archer Armor
35:23 Imperial Age
35:42 Onager
39:03 Chemistry
38:32 Crossbowman
40:15 Arbalester
41:03 Bracer
42:41 Conscription
47:15 Ring Archer Armor
64:10 Conscription
65:01 Pikeman
65:41 Squires
65:55 Halberdier
66:38 Elite Skirmisher
Skerlitz
10:07 Loom
11:52 Feudal Age
15:27 Double-Bit Axe
19:07 Wheelbarrow
20:21 Wheelbarrow
22:05 Castle Age
20:58 Wheelbarrow
22:43 Forging
22:34 Scale Mail Armor
22:23 Eagle Warrior
27:53 Iron Casting
34:15 Imperial Age
32:03 Hand Cart
31:24 Man-at-Arms
32:08 Squires
34:56 Bow Saw
37:00 Garland Wars
37:02 Conscription
36:32 Long Swordsman
38:45 Chain Mail Armor
40:08 Blast Furnace
39:09 Two-Handed Swordsman
41:36 Plate Mail Armor
40:56 Elite Eagle Warrior
42:46 Champion
43:13 Arson
43:52 Town Watch
46:36 Gambesons
52:29 Pikeman
gcsamjw
0:31 Loom
11:31 Feudal Age
12:49 Double-Bit Axe
15:40 Castle Age
13:55 Horse Collar
14:09 Gold Mining
17:12 Wheelbarrow
17:37 Bow Saw
19:20 Heavy Plow
22:39 Fletching
24:17 Bodkin Arrow
27:09 Eagle Warrior
27:50 Squires
27:36 Arson
32:20 Hand Cart
33:27 Padded Archer Armor
33:38 Forging
33:29 Scale Mail Armor
37:01 Imperial Age
36:25 Iron Casting
36:06 Chain Mail Armor
36:06 Leather Archer Armor
38:05 Conscription
38:31 Holcans
39:13 Blast Furnace
37:50 Elite Eagle Warrior
39:36 Plate Mail Armor
39:06 Bracer
44:04 Chemistry
43:25 Ballistics
44:55 Hoardings
44:57 Ring Archer Armor
46:37 Hul'che Javelineers
49:51 Thumb Ring
51:04 Elite Skirmisher
57:45 Pikeman
58:51 Halberdier
69:21 Town Watch
70:44 Crop Rotation
71:25 Two-Man Saw
Pr8feSS8r
8:44 Loom
10:39 Feudal Age
15:18 Castle Age
13:11 Double-Bit Axe
13:09 Horse Collar
18:01 Stone Mining
20:43 Wheelbarrow
20:19 Bow Saw
21:59 Hand Cart
21:47 Heavy Plow
22:31 Loom
22:41 Gold Mining
24:21 Detinets
31:16 Imperial Age
28:22 Pikeman
29:30 Ballistics
29:12 Fletching
29:04 Elite Skirmisher
30:18 Bodkin Arrow
30:57 Padded Archer Armor
33:22 Two-Man Saw
33:34 Leather Archer Armor
35:05 Chemistry
35:44 Ring Archer Armor
35:37 Forging
35:19 Elite Boyar
38:12 Bloodlines
38:02 Husbandry
38:39 Iron Casting
38:57 Conscription
43:56 Crop Rotation
47:56 Blast Furnace
47:03 Scale Barding Armor
50:02 Chain Barding Armor
50:54 Hoardings
52:05 Herbal Medicine
53:22 Plate Barding Armor
53:39 Gold Shaft Mining
55:10 Masonry
56:23 Murder Holes
56:39 Fortified Wall
60:25 Sappers
61:14 Siege Engineers
Cerrahpaşalı Halit
10:18 Feudal Age
17:11 Castle Age
16:05 Double-Bit Axe
16:01 Horse Collar
23:47 Padded Archer Armor
23:37 Fletching
24:24 Masonry
25:20 Fortified Wall
Connection lost

Rejoining the realm…

Still unreachable

The connection could not be restored.

Session expired

The server has moved on; the page needs a fresh start.